 Dungeon Crawl Stone Soup version 0.26-a0-1139-g7d2dc893a1 (webtiles) character file.

Game seed: 9396471359894587836

327586 mhtbhm the Executioner (level 21, -22/196 (202) HPs)
             Began as a Minotaur Fighter on Dec 21, 2020.
             Was the Champion of Okawaru.
             Killed from afar by a titan (42 damage)
             ... with a bolt of lightning
             ... on level 5 of the Vaults on Dec 22, 2020.
             The game lasted 01:23:55 (47061 turns).

mhtbhm the Executioner (Minotaur Fighter)          Turns: 47061, Time: 01:23:59

HP:   -22/196 (202) AC: 38    Str: 38    XL:     21   Next: 11%
MP:   20/20         EV: 13    Int:  5    God:    Okawaru [******]
Gold: 3720          SH: 24    Dex: 15    Spells: 20/20 levels left

rFire    + + +     SeeInvis +   a - +1 broad axe of Midnight {flame, rF++}
rCold    . . .     Faith    .   c - +0 kite shield of Good Intentions {rF+ Str+3 SInv}
rNeg     . . .     Spirit   .   b - +1 crystal plate armour
rPois    +         Reflect  +   (helmet unavailable)
rElec    .         Harm     .   u - +0 cloak
rCorr    .         Rampage  .   N - +0 pair of gloves
Will     +....                  M - +2 pair of boots {run}
Stlth    ..........             n - amulet of reflection
HPRegen  0.42/turn              A - ring "Fanuerph" {rPois AC+4 Dex+5}
MPRegen  0.17/turn              P - +6 ring of strength

@: lightly drained, quick
A: retaliatory headbutt, horns 3, slimy green scales 1, clumsy 1
}: 1/15 runes: gossamer
a: Renounce Religion, Heroism, Finesse


You were on level 5 of the Vaults.
You worshipped Okawaru.
Okawaru was exalted by your worship.
You visited 6 branches of the dungeon, and saw 32 of its levels.
You also visited: Bailey, Ice Cave and Desolation.

You collected 6086 gold pieces.
You spent 2366 gold pieces at shops.

Inventory:

Hand Weapons
 a - the +1 broad axe of Midnight (weapon) {flame, rF++}
   (Okawaru gifted it to you on level 3 of the Vaults)

   It has been specially enchanted to burn those struck by it, causing extra
   injury to most foes and up to half again as much damage against particularly
   susceptible opponents.
   Big, fiery blades are also staple armaments of hydra-hunters.
   It greatly protects you from fire.
 G - the +11 hand crossbow of Caeng {speed, +Fly rPois Int-2 Stlth+}
   (Okawaru gifted it to you on level 4 of the Lair of Beasts)

   Attacks with this weapon are significantly faster.
   It affects your intelligence (-2).
   It protects you from poison.
   It lets you fly.
   It makes you more stealthy.
 R - a +4 broad axe
 T - the +7 war axe "Felesofi" {vorpal, rPois rN++}
   (You found it in the Desolation of Salt)

   It inflicts extra damage upon your enemies.
   It protects you from poison.
   It greatly protects you from negative energy.
 U - a +3 vampiric broad axe
Missiles
 K - 937 bolts
Armour
 b - a +1 crystal plate armour (worn)
 c - the +0 kite shield of Good Intentions (worn) {rF+ Str+3 SInv}
   (You found it on level 6 of the Lair of Beasts)

   It affects your strength (+3).
   It protects you from fire.
   It lets you see invisible.
 u - a +0 cloak (worn)
 M - a +2 pair of boots of running (worn)
 N - a +0 pair of gloves (worn)
 S - a +2 tower shield of protection
Jewellery
 n - an amulet of reflection (around neck)
 r - an uncursed ring of resist corrosion
 x - an uncursed ring of willpower
 A - the ring "Fanuerph" (left hand) {rPois AC+4 Dex+5}
   (You found it on level 3 of the Lair of Beasts)

   [ring of protection]

   It affects your AC (+4).
   It affects your dexterity (+5).
   It protects you from poison.
 E - an uncursed ring of flight
 P - a +6 ring of strength (right hand)
 Q - the ring "Uperaohyd" {rF+ Int+4 Slay+2 Stlth+}
   (You found it in the Desolation of Salt)

   [ring of stealth]

   It affects your intelligence (+4).
   It affects your accuracy and damage with ranged weapons and melee attacks
   (+2).
   It protects you from fire.
   It makes you more stealthy.
Wands
 q - a wand of digging (5)
 w - a wand of paralysis (22)
 y - a wand of acid (14)
 O - a wand of disintegration (18)
Scrolls
 g - 13 scrolls of remove curse
 h - 14 scrolls of teleportation
 j - 4 scrolls of blinking
 k - a scroll of holy word
 m - 12 scrolls of enchant armour
 o - 4 scrolls of fog
 p - 3 scrolls of enchant weapon
 t - 4 scrolls of immolation
 z - 5 scrolls of identify
 F - 2 scrolls of fear
Potions
 d - 9 potions of might
 e - 6 potions of heal wounds
 f - 6 potions of curing
 i - 5 potions of mutation
 l - 4 potions of resistance
 C - 3 potions of flight
 D - 3 potions of haste
 H - 2 potions of cancellation
 I - 3 potions of berserk rage
 J - 2 potions of invisibility
Miscellaneous
 s - a condenser vane
 v - a phantom mirror
 B - a tin of tremorstones (inert)
 L - a lightning rod (4/4)


   Skills:
 + Level 20.5 Fighting
 + Level 23.5 Axes
 + Level 9.0 Crossbows
 + Level 16.0 Armour
 + Level 9.1 Dodging
 - Level 2.3 Stealth
 + Level 22.5 Shields
 + Level 1.0 Invocations
 + Level 1.5 Evocations


You had 20 spell levels left.
You didn't know any spells.
Your spell library contained the following spells:

 Spells                   Type           Power        Failure   Level
 Apportation              Tloc           0%           99%         1
 Beastly Appendage        Tmut           0%           99%         1
 Sandblast                Erth           0%           99%         1
 Blink                    Tloc           N/A          100%        2
 Corpse Rot               Necr/Air       N/A          100%        2
 Ensorcelled Hibernation  Hex/Ice        0%           100%        2
 Passwall                 Tmut/Erth      0%           100%        2
 Wereblood                Tmut           0%           100%        2
 Ignite Poison            Fire/Tmut/Pois 0%           100%        3
 Lesser Beckoning         Tloc           0%           100%        3
 Ozocubu's Armour         Ice            0%           100%        3
 Portal Projectile        Hex/Tloc       0%           100%        3
 Spider Form              Tmut/Pois      0%           100%        3
 Stone Arrow              Conj/Erth      0%           100%        3
 Tukima's Dance           Hex            0%           100%        3
 Animate Dead             Necr           0%           100%        4
 Cause Fear               Hex            0%           100%        4
 Ice Form                 Ice/Tmut       0%           100%        4
 Iskenderun's Mystic Bla  Conj/Tloc      0%           100%        4
 Passage of Golubria      Tloc           N/A          100%        4
 Petrify                  Tmut/Erth      0%           100%        4
 Alistair's Intoxication  Tmut/Pois      0%           100%        5
 Blade Hands              Tmut           0%           100%        5
 Bolt of Magma            Conj/Fire/Erth 0%           100%        5
 Borgnjor's Vile Clutch   Necr/Erth      0%           100%        5
 Lee's Rapid Deconstruct  Erth           0%           100%        5
 Lightning Bolt           Conj/Air       0%           100%        5
 Silence                  Hex/Air        0%           100%        5
 Summon Forest            Summ/Tloc      0%           100%        5
 Yara's Violent Unravell  Hex/Tmut       0%           100%        5
 Death Channel            Necr           0%           100%        6
 Eringya's Noxious Bog    Tmut/Pois      0%           100%        6
 Freezing Cloud           Conj/Ice/Air   0%           100%        6
 Hydra Form               Tmut           0%           100%        6
 Invisibility             Hex            0%           100%        6
 Simulacrum               Ice/Necr       0%           100%        6
 Summon Hydra             Summ           0%           100%        7
 Discord                  Hex            0%           100%        8
 Tornado                  Air            0%           100%        9


Dungeon Overview and Level Annotations

Branches:
Dungeon (14/15)            Temple (1/1) D:4            Lair (6/6) D:10
 Shoals (0/4) Lair:4       Spider (4/4) Lair:3        Slime (0/5) Lair:5
    Orc (2/2) D:9             Elf (0/3) Orc:2        Vaults (5/5) D:14
  Crypt (0/3) Vaults:2     Bailey (visited)           IceCv (visited)
Desolation (visited)

Altars:
Ashenzari
Cheibriados
Dithmenos
Elyvilon
Fedhas
Gozag
Hepliaklqana
Kikubaaqudgha
Makhleb
Nemelex Xobeh
Okawaru
Qazlal
Ru
Sif Muna
Trog
Uskayaw
Vehumet
Wu Jian
Xom
Yredelemnul
Zin
The Shining One
Jiyva

Shops:
D:7 =   D:8 (   D:12 ?   D:13 *   D:14 !   Orc:1 :   Orc:2 :!((   Vaults:1 *
Vaults:3 }   Vaults:4 !

Portals:
Trove: Vaults:2 (give 6 potions of haste)

Annotations:
Vaults:1 4 runed translucent doors


Innate Abilities, Weirdness & Mutations

You reflexively headbutt those who attack you in melee.
You have a pair of large horns on your head.
You are partially covered in slimy green scales. (AC +2)
You are clumsy. (Dex -2)


Message History

You completely miss the titan.
The titan is lightly wounded.
You slice the phantasmal warrior!! You burn the phantasmal warrior!
You destroy the phantasmal warrior!
Okawaru accepts your kill.
Your surroundings suddenly seem different.
Your Armour skill increases to level 16!
Found a knobbly jewelled staff.
Your magical effects are unravelling.
You feel magically purged.
Your magical contamination has completely faded away.
The sentinel's mark upon you fades away.
A death knight comes into view. It is wielding a +1 broad axe.
The death knight calls down the wrath of Yredelemnul upon you.
Your body is wracked with pain!
* * * LOW HITPOINT WARNING * * *
An ettin comes into view. It is wielding two +0 dire flails.
The titan gestures at you while chanting.
The bolt of lightning hits you!!!
You die...

....... #.......
.....C.#........#.
......#........#..
.
............p.#...
.#
.............#....
C..
...^.....#..#.....
....
........#..#......
....
#..C..............
....
.#........@.......
###
################.
.... .... ....
.... ..## ..# ..#


You could see a titan, a death knight and an ettin.

Vanquished Creatures
  An ancient lich (Vaults:5)
  A golden dragon (Vaults:5)
  A titan (Vaults:4)
  The ghost of Cheivey the Royal Jelly, a journeyman DDFi of Jiyva (Vaults:1)
  3 frost giants
  3 fire giants
  A deep elf sorcerer (Vaults:5)
  4 ghost moths
  2 imperial myrmidons (Desolation)
  5 emperor scorpions
  12 vault wardens
  7 stone giants
  14 ironheart preservers
  A war gargoyle (Vaults:5)
  7 very ugly things
  4 spark wasps
  4 entropy weavers
  A halazid warlock (Desolation)
  6 ettins
  3 crystal guardians (Desolation)
  6 yaktaur captains
  2 great orbs of eyes (Vaults:2)
  7 ogre magi
  4 fire dragons
  10 ragged hierophants (Desolation)
  2 ice dragons
  2 rakshasas
  A catoblepas (Lair:6)
  5 peacekeepers (Desolation)
  39 vault guards
  4 boulder beetles
  5 servants of whispers (Desolation)
  Erica (D:9)
  8 hydras
  4 death knights
  8 centaur warriors
  A dancing weapon (Vaults:5)
  A queen ant (Spider:1)
  25 two-headed ogres
  2 tengu warriors (D:14)
  3 deep troll shamans
  19 death yaks
  4 deep troll earth magi
  Urug (Lair:3)
  6 hell knights (Vaults:5)
  Nergalle (Lair:4)
  4 deep elf knights
  A death drake (shapeshifter) (D:14)
  6 skeletal warriors
  16 deep trolls
  3 flayed ghosts
  A lindwurm (Lair:6)
  A glowing orange brain (Vaults:4)
  A swamp dragon (shapeshifter) (Vaults:4)
  A harpy (Vaults:2)
  26 ironbrand convokers
  5 phantasmal warriors
  Pikel (D:6)
  4 wizards
  3 deep elf archers (Vaults:3)
  5 deep elf magi
  3 necromancers
  17 orb spiders
  33 wolf spiders
  2 oklob plants (D:13)
  34 ugly things
  15 orc knights
  3 orc sorcerers
  A manticore (D:13)
  2 moths of wrath (Spider:4)
  10 cyclopes
  15 vault sentinels
  2 guardian serpents (Desolation)
  24 elephants
  2 black mambas
  2 ice statues (IceCv)
  A molten gargoyle (Desolation)
  A centaur skeleton (D:14)
  2 gargoyles (D:11)
  14 cane toads
  6 rime drakes
  2 torpor snails
  11 komodo dragons
  13 demonic crawlers
  A tengu conjurer (D:14)
  24 yaktaurs
  9 ice devils (IceCv)
  6 freezing wraiths
  16 trolls
  3 meliai (Spider:3)
  36 jumping spiders
  3 polar bears
  A wind drake (shapeshifter) (Vaults:5)
  A sphinx simulacrum (Vaults:3)
  59 saltlings (Desolation)
  14 hornets
  6 slime creatures
  14 blink frogs
  6 dream sheep (Lair:6)
  A shadow (D:9)
  90 redbacks
  A tarantella (shapeshifter) (Vaults:2)
  31 tarantellas
  3 wraiths
  4 vampires
  93 yaks
  A human (D:14)
  7 wyverns
  6 basilisks
  A fire bat (shapeshifter) (Vaults:1)
  A basilisk (shapeshifter) (Vaults:2)
  2 steam dragons
  8 vampire mosquitoes
  26 soldier ants
  A warg (Orc:1)
  An acid dragon (D:12)
  An acid dragon (shapeshifter) (Vaults:1)
  21 water moccasins
  Duvessa (D:5)
  An eye of draining (shapeshifter) (Vaults:4)
  10 ice beasts
  7 sky beasts
  32 orc warriors
  3 phantoms
  17 wolves
  3 black bears
  33 ogres
  A boggart (D:14)
  A necrophage (D:5)
  An eye of draining (D:14)
  25 centaurs
  A lemure (D:6)
  A big kobold (D:13)
  A gnoll sergeant (Orc:2)
  A bullfrog (shapeshifter) (Vaults:4)
  Dowan (D:5)
  22 bullfrogs
  A wyvern zombie (D:6)
  3 wyvern skeletons
  A scorpion (D:7)
  A troll zombie (D:9)
  11 killer bees
  12 wights
  3 electric eels
  8 howler monkeys
  5 centaur zombies
  2 human simulacra (Vaults:1)
  4 draconian simulacra (IceCv)
  3 bullfrog zombies
  14 orc priests
  5 hounds
  4 jellies
  23 orc wizards
  4 bullfrog skeletons
  18 iguanas
  32 worker ants
  7 ogre zombies (D:9)
  2 centaur simulacra (IceCv)
  2 hound skeletons
  4 worker ant zombies
  6 adders
  7 gnolls
  A naga simulacrum (IceCv)
  3 ogre simulacra (IceCv)
  2 shadow imps
  An ufetubus (D:7)
  An adder skeleton (D:8)
  A worm (D:2)
  3 dart slugs
  13 leopard geckos
  71 orcs
  2 ball pythons
  5 giant cockroaches
  4 goblins
  6 hobgoblins
  10 jackals
  7 quokkas
  7 bats
  16 frilled lizards
  A giant cockroach zombie (D:5)
  3 goblin skeletons (D:9)
  2 goblin zombies (D:9)
  A hobgoblin skeleton (D:9)
  2 hobgoblin zombies (D:9)
  10 kobolds
  A leopard gecko zombie (D:6)
  4 orc skeletons (D:9)
  13 orc zombies (D:9)
  9 rats
  A fungus (D:10)
1587 creatures vanquished.

Vanquished Creatures (others)
  A phantasmal warrior (Vaults:5)
  A soldier ant (Spider:1)
  An orc warrior (D:14)
  A leopard gecko (D:10)
  A kobold (D:3)
  31 fungi
  110 plants
146 creatures vanquished.

Grand Total: 1733 creatures vanquished

Notes
Turn   | Place    | Note
-------+----------+-------------------------------------------
     0 | D:1      | mhtbhm the Minotaur Fighter began the quest for the Orb.
     0 | D:1      | Reached XP level 1. HP: 19/19 MP: 0/0
   241 | D:1      | Reached XP level 2. HP: 26/27 MP: 1/1
   620 | D:1      | Gained mutation: You are clumsy. (Dex -2) [potion of
                  | mutation]
   620 | D:1      | Gained mutation: You have a pair of large horns on your
                  | head. [potion of mutation]
   620 | D:1      | Gained mutation: You are partially covered in slimy green
                  | scales. (AC +2) [potion of mutation]
   760 | D:2      | Reached XP level 3. HP: 33/33 MP: 2/2
   829 | D:2      | Reached skill level 3 in Axes
   979 | D:2      | Reached XP level 4. HP: 36/40 MP: 3/3
  1242 | D:2      | Found an opulent altar of Gozag.
  1773 | D:3      | Found a hazy altar of Hepliaklqana.
  1884 | D:3      | Reached skill level 5 in Shields
  1884 | D:3      | Reached XP level 5. HP: 46/46 MP: 4/4
  1967 | D:3      | Found a hide-covered altar of Uskayaw.
  2129 | D:3      | Reached skill level 4 in Axes
  2180 | D:3      | Found a blossoming altar of Fedhas.
  2382 | D:3      | You fall into a shaft and drop 3 floors!
  2391 | D:6      | Reached skill level 5 in Armour
  2391 | D:6      | Reached skill level 1 in Dodging
  2401 | D:6      | Reached XP level 6. HP: 48/53 MP: 5/5
  2485 | D:6      | Found a glowing golden altar of the Shining One.
  2488 | D:6      | Noticed an angel
  2491 | D:6      | Found a basalt altar of Yredelemnul.
  2494 | D:6      | Noticed a profane servitor
  2680 | D:6      | Reached skill level 5 in Axes
  2719 | D:6      | Reached XP level 7. HP: 53/60 MP: 6/6
  2914 | D:6      | Found a radiant altar of Vehumet.
  2941 | D:6      | Noticed Pikel
  2961 | D:6      | Killed Pikel
  2962 | D:6      | Reached skill level 5 in Fighting
  2962 | D:6      | Reached skill level 6 in Axes
  2962 | D:6      | Reached skill level 1 in Stealth
  2962 | D:6      | Reached XP level 8. HP: 31/68 MP: 7/7
  3147 | D:5      | Entered Level 5 of the Dungeon
  3180 | D:5      | Got a faintly glowing whip
  3181 | D:5      | Identified the +10 whip of Tumult {flame, *Corrode *Slow
                  | rElec rC+++} (You found it on level 5 of the Dungeon)
  3261 | D:5      | Noticed Duvessa
  3261 | D:5      | Noticed Dowan
  3269 | D:5      | Killed Duvessa
  3270 | D:5      | Reached skill level 7 in Axes
  3270 | D:5      | Killed Dowan
  3694 | D:5      | Reached skill level 8 in Axes
  4086 | D:4      | Found a staircase to the Ecumenical Temple.
  4241 | Temple   | Entered the Ecumenical Temple
  4287 | Temple   | Became a worshipper of Warmaster Okawaru
  4514 | D:5      | You fall into a shaft and drop 2 floors!
  4514 | D:7      | Found a shimmering blue altar of Sif Muna.
  4514 | D:7      | Found an ornate altar of the Wu Jian Council.
  4514 | D:7      | Found a sacrificial altar of Ru.
  4623 | D:7      | Reached XP level 9. HP: 75/75 MP: 8/8
  5172 | D:7      | Found Hikouth's Jewellery Shoppe.
  5199 | D:7      | Reached * piety under Okawaru
  5200 | D:7      | Reached skill level 9 in Axes
  5614 | D:7      | Found a stormy altar of Qazlal.
  5644 | D:7      | Found a shadowy altar of Dithmenos.
  6796 | D:8      | Found a snail-covered altar of Cheibriados.
  6878 | D:8      | Reached ** piety under Okawaru
  7038 | D:8      | Reached skill level 10 in Axes
  7265 | D:8      | Found Qofoyzak's Weapon Boutique.
  7418 | D:9      | Reached XP level 10. HP: 86/86 MP: 9/9
  7547 | D:9      | Found a runed translucent door.
  7548 | D:9      | Noticed a deep elf mage
  7636 | D:9      | Killed a deep elf mage
  7868 | D:9      | Noticed a four-headed hydra
  7871 | D:9      | Noticed a yaktaur captain
  7872 | D:9      | Killed a one-headed hydra
  7872 | D:9      | Reached *** piety under Okawaru
  7878 | D:9      | Killed a yaktaur captain
  7879 | D:9      | Reached skill level 11 in Axes
  7879 | D:9      | Reached skill level 10 in Shields
  7882 | D:9      | Reached **** piety under Okawaru
  8135 | D:9      | Noticed Erica
  8149 | D:9      | Killed Erica
  8150 | D:9      | Reached skill level 5 in Dodging
  8191 | D:9      | Found a staircase to the Orcish Mines.
  8524 | D:9      | Noticed a two-headed ogre
  8532 | D:9      | Killed a two-headed ogre
  8533 | D:9      | Reached XP level 11. HP: 66/95 MP: 10/10
  9004 | D:10     | Entered Level 10 of the Dungeon
  9005 | D:10     | Found a staircase to the Lair.
  9040 | D:10     | Reached ***** piety under Okawaru
  9041 | D:10     | Reached skill level 12 in Axes
 10520 | D:10     | Received a gift from Okawaru
 10719 | Lair:1   | Entered Level 1 of the Lair of Beasts
 10723 | Lair:1   | Reached skill level 10 in Armour
 11236 | Lair:1   | Reached skill level 13 in Axes
 11891 | Lair:1   | Reached XP level 12. HP: 71/106 MP: 11/11
 12568 | Lair:2   | Noticed a death yak
 12569 | Lair:2   | Noticed a death yak
 12778 | Lair:1   | Killed a death yak
 12778 | Lair:1   | Received a gift from Okawaru
 12785 | Lair:1   | Killed a death yak
 12786 | Lair:1   | Reached skill level 10 in Fighting
 13123 | Lair:2   | Noticed a death yak
 13123 | Lair:2   | Noticed a death yak
 13140 | Lair:2   | Noticed a death yak
 13141 | Lair:2   | Noticed a death yak
 13142 | Lair:2   | Noticed a death yak
 13142 | Lair:2   | Noticed a death yak
 13144 | Lair:2   | Reached skill level 14 in Axes
 13146 | Lair:2   | Noticed a death yak
 13147 | Lair:2   | Noticed a death yak
 13147 | Lair:2   | Killed a death yak
 13153 | Lair:2   | Killed a death yak
 13155 | Lair:2   | Killed a death yak
 13202 | Lair:3   | Found a frozen archway.
 13420 | IceCv    | Entered an ice cave
 14770 | IceCv    | Reached skill level 15 in Axes
 15111 | IceCv    | Received a gift from Okawaru
 15412 | Lair:3   | Noticed a five-headed hydra
 15421 | Lair:3   | Noticed a four-headed hydra
 15428 | Lair:3   | Killed a one-headed hydra
 15428 | Lair:3   | Reached ****** piety under Okawaru
 15429 | Lair:3   | Reached XP level 13. HP: 75/115 MP: 12/12
 15687 | Lair:3   | Found a hole to the Spider Nest.
 16019 | Lair:3   | Noticed Urug
 16030 | Lair:3   | Killed Urug
 16506 | Lair:3   | Got a sparkling lead ring
 16879 | Lair:4   | Received a gift from Okawaru
 16981 | Lair:4   | Identified the ring "Fanuerph" {rPois AC+4 Dex+5} (You
                  | found it on level 3 of the Lair of Beasts)
 17035 | Lair:4   | Found a staircase to the Shoals.
 17210 | Lair:4   | Reached skill level 16 in Axes
 17301 | Lair:4   | Received a gift from Okawaru
 17402 | Lair:4   | Got a dazzling hand crossbow {god gift}
 17403 | Lair:4   | Identified the +11 hand crossbow of Caeng {speed, +Fly
                  | rPois Int-2 Stlth+} (Okawaru gifted it to you on level 4 of
                  | the Lair of Beasts)
 17633 | Lair:4   | Noticed Nergalle
 17646 | Lair:4   | Killed Nergalle
 18365 | Lair:5   | Reached skill level 1 in Crossbows
 18465 | Lair:5   | Found a staircase to the Slime Pits.
 18466 | Lair:5   | Found a viscous altar of Jiyva.
 18722 | Lair:5   | Received a gift from Okawaru
 18733 | Lair:5   | Identified a +2 pair of boots of running (Okawaru gifted it
                  | to you on level 5 of the Lair of Beasts)
 18809 | Lair:5   | Reached XP level 14. HP: 120/125 MP: 13/13
 19393 | Lair:5   | Got a pair of polished boots
 19404 | Lair:5   | Identified the +1 pair of boots of Chimes {Will+ Str-2
                  | Int+3 Stlth+} (You found it on level 5 of the Lair of
                  | Beasts)
 19439 | Lair:6   | Entered Level 6 of the Lair of Beasts
 19534 | Lair:6   | Reached skill level 17 in Axes
 20095 | Lair:6   | Got a faintly humming kite shield
 20101 | Lair:6   | Identified the +0 kite shield of Good Intentions {rF+ Str+3
                  | SInv} (You found it on level 6 of the Lair of Beasts)
 20231 | Lair:6   | Reached skill level 15 in Shields
 20617 | Lair:6   | Received a gift from Okawaru
 20629 | Lair:6   | Got a pair of transparent boots {god gift}
 20640 | Lair:6   | Identified the +0 pair of boots "Puipiax" {-Tele rElec
                  | Str+3} (Okawaru gifted it to you on level 6 of the Lair of
                  | Beasts)
 21159 | Lair:6   | Got a bloodstained hunting sling
 21160 | Lair:6   | Identified the +2 hunting sling "Lumuh" {vorpal, Dex+4}
                  | (You found it on level 6 of the Lair of Beasts)
 21787 | Lair:2   | Reached skill level 18 in Axes
 22793 | Orc:1    | Entered Level 1 of the Orcish Mines
 22793 | Orc:1    | Found Qadeiw's Book Emporium.
 23192 | Orc:2    | Entered Level 2 of the Orcish Mines
 23212 | Orc:1    | Received a gift from Okawaru
 23324 | Orc:2    | Reached XP level 15. HP: 112/135 MP: 14/14
 23955 | Orc:2    | Received a gift from Okawaru
 24245 | Orc:2    | Found Mutaeroigg's Book Shop.
 24264 | Orc:2    | Found Fokkugre's Distillery.
 24269 | Orc:2    | Found Dooluryz's Weapon Boutique.
 24270 | Orc:2    | Found Qyngum's Weapon Shop.
 24272 | Orc:2    | Bought a potion of heal wounds for 70 gold pieces
 24272 | Orc:2    | Bought a potion of resistance for 140 gold pieces
 24272 | Orc:2    | Bought a potion of heal wounds for 70 gold pieces
 24272 | Orc:2    | Bought a potion of curing for 42 gold pieces
 24514 | Orc:2    | Found a staircase to the Elven Halls.
 25827 | D:11     | Reached skill level 19 in Axes
 26424 | D:12     | Received a gift from Okawaru
 26711 | D:12     | Found a flagged portal.
 26720 | Bailey   | Entered a bailey
 27066 | Bailey   | Got a crude glass ring
 27132 | Bailey   | Got a steaming plate armour
 27138 | Bailey   | Identified the +0 plate armour of the Fletcher {-Cast
                  | *Corrode rElec rC+ Int+3} (You found it in a bailey)
 27171 | Bailey   | Identified the ring of Light {rPois rF- EV+4 Int+6} (You
                  | found it in a bailey)
 27257 | D:12     | Found Vuomootzo's Magic Scroll Shop.
 27281 | D:12     | Bought a scroll of teleportation for 45 gold pieces
 27281 | D:12     | Bought a scroll of identify for 30 gold pieces
 27281 | D:12     | Bought a scroll of magic mapping for 52 gold pieces
 27281 | D:12     | Bought a scroll of blinking for 112 gold pieces
 27281 | D:12     | Bought a scroll of teleportation for 45 gold pieces
 27281 | D:12     | Bought a scroll of enchant armour for 112 gold pieces
 27284 | D:12     | Bought a scroll of identify for 30 gold pieces
 27284 | D:12     | Bought a scroll of identify for 30 gold pieces
 27491 | D:12     | Reached skill level 5 in Crossbows
 27855 | D:13     | Reached skill level 1 in Evocations
 28016 | D:13     | Found a blossoming altar of Fedhas.
 28496 | D:13     | Found Gecenuw's Assorted Antiques.
 28501 | D:13     | Received a gift from Okawaru
 28898 | D:14     | Found Qiaruomn's Distillery.
 28901 | D:14     | Bought a potion of heal wounds for 80 gold pieces
 28901 | D:14     | Bought a potion of might for 64 gold pieces
 28933 | D:14     | Bought a potion of berserk rage for 80 gold pieces
 28933 | D:14     | Bought a potion of berserk rage for 80 gold pieces
 28933 | D:14     | Bought a potion of berserk rage for 80 gold pieces
 28933 | D:14     | Bought a potion of might for 64 gold pieces
 28933 | D:14     | Bought a potion of resistance for 160 gold pieces
 28933 | D:14     | Bought a potion of resistance for 160 gold pieces
 28973 | D:14     | Received a gift from Okawaru
 29129 | D:14     | Reached XP level 16. HP: 146/146 MP: 15/15
 29490 | D:14     | Received a gift from Okawaru
 29499 | D:14     | Got a glimmering chain mail {god gift}
 29505 | D:14     | Identified the +3 chain mail of Hairiness {rC+} (Okawaru
                  | gifted it to you on level 14 of the Dungeon)
 30100 | D:14     | Found a gate to the Vaults.
 30423 | Spider:1 | Entered Level 1 of the Spider Nest
 30428 | Spider:1 | Reached skill level 20 in Axes
 31485 | Spider:1 | Got a polished scale mail
 31491 | Spider:1 | Identified the +1 scale mail of Life {rPois Will+ Dex+6
                  | Slay-5} (You found it on level 1 of the Spider Nest)
 32098 | Spider:2 | Received a gift from Okawaru
 32104 | Spider:2 | Reached skill level 15 in Fighting
 32539 | Spider:2 | Received a gift from Okawaru
 33788 | Spider:3 | Reached XP level 17. HP: 156/156 MP: 16/16
 35120 | Spider:3 | Identified a scroll of acquirement
 35123 | Spider:3 | Acquired 1275 gold pieces
 35168 | Spider:4 | Entered Level 4 of the Spider Nest
 35307 | Spider:4 | Received a gift from Okawaru
 35802 | Spider:4 | Got an ichor-stained hand axe
 35803 | Spider:4 | Identified the +6 hand axe "Cywkacex" {pain, rF+ rN+ Str+5}
                  | (You found it on level 4 of the Spider Nest)
 36753 | Spider:4 | Got a gossamer rune of Zot
 37339 | Vaults:1 | Entered Level 1 of the Vaults
 37416 | Vaults:1 | Received a gift from Okawaru
 37765 | Vaults:1 | Reached skill level 21 in Axes
 37827 | Vaults:1 | Reached XP level 18. HP: 160/168 MP: 17/17
 38399 | Vaults:1 | Found Borom's General Store.
 38659 | Vaults:1 | Received a gift from Okawaru
 38894 | Vaults:1 | Found a large runed translucent door.
 38894 | Vaults:1 | Found a large runed translucent door.
 38894 | Vaults:1 | Found a large runed translucent door.
 38894 | Vaults:1 | Found a large runed translucent door.
 38894 | Vaults:1 | Found a large runed translucent door.
 38894 | Vaults:1 | Found a large runed translucent door.
 38894 | Vaults:1 | Found a large runed translucent door.
 38894 | Vaults:1 | Found a large runed translucent door.
 38894 | Vaults:1 | Noticed Cheivey's ghost (journeyman DDFi)
 38909 | Vaults:1 | Killed Cheivey's ghost
 38912 | Vaults:1 | Identified the Compendium of the Compass
 39443 | Vaults:2 | Found a staircase to the Crypt.
 39994 | Vaults:2 | Received a gift from Okawaru
 40000 | Vaults:2 | Got a translucent hand crossbow {god gift}
 40001 | Vaults:2 | Identified the +9 hand crossbow "Globulus" {venom, Dex+3}
                  | (Okawaru gifted it to you on level 2 of the Vaults)
 40861 | Vaults:2 | Received a gift from Okawaru
 41044 | Vaults:2 | Found a portal to a secret trove of treasure.
 41161 | Vaults:2 | Reached XP level 19. HP: 172/179 MP: 18/18
 41549 | Vaults:3 | Received a gift from Okawaru
 41553 | Vaults:3 | Got a twisted broad axe {god gift}
 41554 | Vaults:3 | Identified the +1 broad axe of Midnight {flame, rF++}
                  | (Okawaru gifted it to you on level 3 of the Vaults)
 41770 | Vaults:3 | Reached skill level 22 in Axes
 41845 | Vaults:3 | Found Heisaeng's Gadget Emporium.
 41857 | Vaults:3 | Bought a condenser vane for 520 gold pieces
 42439 | Vaults:3 | Received a gift from Okawaru
 42997 | Vaults:4 | Found a ruined gateway.
 43034 | Vaults:4 | Found Xerur's Distillery.
 43048 | Vaults:4 | Bought a potion of might for 80 gold pieces
 43048 | Vaults:4 | Bought 2 potions of curing for 120 gold pieces
 43048 | Vaults:4 | Bought a potion of heal wounds for 100 gold pieces
 43185 | Desolati | Entered the Desolation of Salt
 43424 | Desolati | Reached skill level 15 in Armour
 44144 | Desolati | Got a warped tin ring
 44148 | Desolati | Got a wavering golden ring
 44150 | Desolati | Identified Sif Muna's Papyrus of the Frigorific Mountains
 44154 | Desolati | Got a twitching iron ring
 44161 | Desolati | Identified the ring "Uperaohyd" {rF+ Int+4 Slay+2 Stlth+}
                  | (You found it in the Desolation of Salt)
 44163 | Desolati | Identified the ring "Doiff" {+Blink Int+6 Dex+4} (You found
                  | it in the Desolation of Salt)
 44166 | Desolati | Identified the cursed ring of Wamufa {+Blink AC-4 Str-5
                  | Int+2 Dex+3} (You found it in the Desolation of Salt)
 44408 | Desolati | Received a gift from Okawaru
 44413 | Desolati | Reached XP level 20. HP: 191/191 MP: 19/19
 44428 | Desolati | Reached skill level 1 in Invocations
 44510 | Desolati | Got a smoking golden ring
 44657 | Desolati | Got a jewelled war axe
 44658 | Desolati | Identified the +7 war axe "Felesofi" {vorpal, rPois rN++}
                  | (You found it in the Desolation of Salt)
 44766 | Desolati | Identified the Handbook of Changing and Flight
 44810 | Desolati | Received a gift from Okawaru
 44996 | Desolati | Identified the ring of Avvap {rF+ rN+ Str+6 Slay-4} (You
                  | found it in the Desolation of Salt)
 45238 | Vaults:4 | Received a gift from Okawaru
 46981 | Vaults:5 | Entered Level 5 of the Vaults
 46982 | Vaults:5 | Noticed an ancient lich
 46986 | Vaults:5 | Noticed a golden dragon
 46987 | Vaults:5 | Reached skill level 23 in Axes
 47000 | Vaults:5 | Received a gift from Okawaru
 47002 | Vaults:5 | Killed an ancient lich
 47002 | Vaults:5 | Killed a golden dragon
 47007 | Vaults:5 | Noticed an ancient lich
 47018 | Vaults:5 | Paralysed by an ancient lich for 4 turns
 47023 | Vaults:5 | Reached XP level 21. HP: 103/200 MP: 20/20
 47026 | Vaults:5 | Paralysed by an ancient lich for 3 turns
 47038 | Vaults:5 | HP: 8/193 [yaktaur captain/bolt (5)]
 47061 | Vaults:5 | Killed from afar by a titan

Illustrated notes

Levels and vault maps discovered:
D:1:      kilobyte_arrival_exit_the_forest, layout_rooms
D:2:      layout_loops_ring, nicolae_gozag_cash_rules_everything_around_me,
          minmay_tromino_v7
D:3:      layout_loops_ring, nicolae_overflow_crystal_walls,
          lemuel_crystal_altar, fedhas_altar_2, grunt_ministairs_11
D:4:      layout_basic, minmay_temple_entry_nine_rooms
D:5:      layout_cave_pools, uniq_duvessa
D:6:      layout_loops_ring, grunt_temple_overflow_holy_war, vehumet_crystals,
          uniq_pikel
D:7:      layout_basic, gammafunk_temple_overflow_forgotten,
          nicolae_qazlal_style_of_elements,
          nicolae_dithmenos_through_a_glass_darkly, serial_shops, shop,
          patterned_corridor
D:8:      layout_loops_ring, lemuel_round_altar, serial_shops,
          nicolae_shop_behind_doors, minmay_manual_monstrance
D:9:      layout_loops_corners, zombieorc2_lemuel, minivault_13, uniq_erica
D:10:     lemuel_reptile_caves, layout_small_grid, minmay_lair_entry_grove,
          st_stairs_5
D:11:     layout_grid_maze
D:12:     layout_gridville, enter_bailey_8, serial_shops,
          nicolae_shop_statue_plus
D:13:     layout_roguey, serial_shops, shop, hangedman_tree_tricks
D:14:     minmay_slanted_spiral_squares, layout_basic,
          grunt_vaults_entry_fortified, serial_shops, kennysheep_mini_moat
Temple:   kb_temple_of_zot
Lair:1:   layout_cave_pods
Lair:2:   layout_cave_shapes, grunt_megastairs_2, infiniplex_staircase_pool,
          lemuel_fruit_fields
Lair:3:   layout_cave_pods, nicolae_spider_entry_tight_spaces,
          portal_ice_cave_entry_ice_beasts, chequers_serial_rivers_small_3,
          uniq_urug
Lair:4:   layout_regular_city, minmay_shoals_entry_centaurs,
          serial_bayou_shore_a, infiniplex_staircase_pool_2, uniq_nergalle
Lair:5:   layout_cave_pods, slime_altar_1
Lair:6:   grunt_lair_end_beastmaster, layout_gridlike
Spider:1: layout_spider_delve, minivault_29
Spider:2: layout_spider_delve, drop_trap
Spider:3: layout_chambers, hangedman_spider_tarantella_strand
Spider:4: spider_rune_water
Orc:1:    layout_diamond_mine, serial_shops, shop_fountains
Orc:2:    st_orc_open, layout_caves, nicolae_orc_crystal_geode
Vaults:1: advil_vaults_ghost_lines, hangedman_vaults_slice, v_alt_pattern_1,
          vaults_room_octagon, nicolae_vaults_big_ls, vaults_room_door_hall,
          layout_vaults_omnigrid, serial_shops, nicolae_shop_waterfront
Vaults:2: vaults_room_glass_cross, nicolae_vaults_inception_corners,
          nicolae_vaults_triangles, v_alt_pattern_1,
          hangedman_vaults_stretched_pinwheel, nicolae_vaults_network_periphery,
          v_misc_26, v_misc_29, hangedman_vaults_locks,
          nicolae_vaults_little_squares_1, v_misc_25,
          ontoclasm_vaults_decontamination, vaults_dpeg_diagonal,
          layout_vaults_big_cross, dummy_crypt_entry, enter_trove_6
Vaults:3: nicolae_vaults_little_squares_6, hangedman_vaults_trim,
          nicolae_vaults_little_squares_3, nicolae_vaults_big_angled_halls,
          v_pattern_1, ontoclasm_vaults_twist, v_misc_22,
          nicolae_vaults_circle_grid_a, nicolae_vaults_ninety_degrees,
          ontoclasm_vaults_spin, nicolae_vaults_stairing_the_circle,
          ontoclasm_vaults_shuriken, nicolae_vaults_little_squares_4,
          layout_vaults_omnibox, serial_shops, shop
Vaults:4: hangedman_vaults_snaps, vaults_room_corners, hangedman_vaults_stream,
          ontoclasm_vaults_fault, grunt_vaults_hallway_short, v_misc_11,
          vaults_mumra_minichess_inversion, nicolae_vaults_little_squares_4,
          nicolae_vaults_specimen_jars, v_pattern_3, ontoclasm_vaults_gallery,
          nicolae_vaults_little_squares_2, vaults_room_hallway,
          layout_vaults_chaotic_city, serial_shops, shop,
          portal_desolation_entry_ruin
Vaults:5

Skill      XL: |  1  2  3  4  5  6  7  8  9 10 11 12 13 14 15 16 17 18 19 20 21 |
---------------+----------------------------------------------------------------+-----
Armour         | 4 5 6 7 8 9 10 11 12 13 14 15 16 | 16.0
Shields        | 4 5 6 7 8 9 10 12 13 14 15 16 17 19 20 21 22 | 22.5
Fighting       | 4 5 6 7 8 9 10 11 13 14 15 16 18 19 20 | 20.5
Axes           | 3 4 5 6 8 10 11 13 15 16 18 19 20 21 22 23 | 23.5
Dodging        | 1 2 3 5 6 7 8 9 |  9.1
Stealth        | 1 2 |  2.3
Crossbows      | 3 4 5 6 8 9 |  9.0
Evocations     | 1 |  1.5
Invocations    | 1 |  1.0

Action                   |  1- 3 |  4- 6 |  7- 9 | 10-12 | 13-15 | 16-18 | 19-21 || total
-------------------------+-------+-------+-------+-------+-------+-------+-------++-------
Melee: War axe           |    61 |    73 |       |       |       |       |       ||   134
       Headbutt          |    10 |    21 |    61 |   118 |   259 |   326 |   270 ||  1065
       Hand axe          |       |    45 |   334 |   305 |       |       |       ||   684
       Broad axe         |       |       |       |   260 |   922 |  1022 |   715 ||  2919
 Fire: Hand crossbow     |       |       |       |       |    91 |   246 |       ||   337
Invok: Heroism           |       |       |       |     2 |     1 |     1 |     2 ||     6
 Abil: Evoke Flight      |       |       |       |       |     1 |       |       ||     1
Evoke: Wand              |       |       |       |     3 |     3 |     4 |       ||    10
       Lightning rod     |       |       |       |       |     2 |       |       ||     2
       Tin of tremorston |       |       |       |       |       |     6 |     2 ||     8
       Condenser vane    |       |       |       |       |       |       |     2 ||     2
  Use: Potion            |     3 |       |       |     6 |     2 |     5 |    10 ||    26
       Scroll            |       |       |    11 |     8 |    13 |     7 |     8 ||    47
 Stab: Distracted        |       |       |       |       |     1 |       |       ||     1
       Sleeping          |       |       |       |       |     1 |       |       ||     1
       Invisible         |       |       |       |       |       |       |    16 ||    16
       Confused          |       |       |       |       |       |       |     4 ||     4
Armor: Scale mail        |    33 |    37 |    51 |    97 |   201 |       |       ||   419
       Ring mail         |       |       |       |       |    34 |     1 |       ||    35
       Chain mail        |       |       |       |       |       |   114 |       ||   114
       Crystal plate arm |       |       |       |       |       |   296 |   226 ||   522
Dodge: Dodged            |    12 |    26 |    43 |   124 |   306 |   350 |   120 ||   981
Block: Kite shield       |    42 |    75 |   188 |   387 |   879 |  1121 |   526 ||  3218
       Reflection        |       |     3 |     2 |     7 |    53 |    41 |    45 ||   151

Table legend: (Time is in decaauts)
 A = Elapsed time spent in this place.
 B = Non-inter-level travel time spent in this place.
 C = Inter-level travel time spent in this place.
 D = Time resting spent in this place.
 E = Time spent auto-exploring this place.
 F = Levels seen in this place.
 G = Mean time per level.
                   A        B        C        D        E       F      G
               +--------+--------+--------+--------+--------+-----+--------+
         Total |  44967 |  44060 |    907 |  11258 |  22467 |  35 | 1284.8 |
       Dungeon |  15237 |  14538 |    699 |   1956 |   9105 |  14 | 1088.4 |
        Temple |     87 |     87 |      0 |      0 |     40 |   1 |   87.0 |
          Lair |  10745 |  10712 |     33 |   3552 |   4749 |   6 | 1790.8 |
   Spider Nest |   5374 |   5302 |     72 |   1700 |   2268 |   4 | 1343.5 |
  Orcish Mines |   2173 |   2173 |      0 |    856 |    826 |   2 | 1086.5 |
        Vaults |   7182 |   7080 |    102 |    729 |   4664 |   5 | 1436.4 |
        Bailey |    455 |    455 |      0 |    223 |     42 |   1 |  455.0 |
      Ice Cave |   1947 |   1947 |      0 |   1459 |    222 |   1 | 1947.0 |
    Desolation |   1763 |   1763 |      0 |    780 |    548 |   1 | 1763.0 |
               +--------+--------+--------+--------+--------+-----+--------+

Top non-repeatable levels by time:
  Lair:1: 2729 daAuts
  Lair:3: 2639 daAuts
Vaults:4: 2051 daAuts
   IceCv: 1947 daAuts
Vaults:1: 1916 daAuts
  Lair:6: 1904 daAuts
    D:10: 1862 daAuts
Desolation: 1763 daAuts
     D:9: 1757 daAuts
Vaults:2: 1739 daAuts
Spider:3: 1632 daAuts
Spider:4: 1573 daAuts
     D:7: 1536 daAuts
  Lair:4: 1438 daAuts
Vaults:3: 1410 daAuts
